 Dungeon Crawl Stone Soup version 0.16.1-28-gcc2312f (webtiles) character file.

183 drasked the Cudgeler (level 5, -3/45 HPs)
             Began as a Hill Orc Fighter on May 31, 2015.
             Slain by Prince Ribbit (12 damage)
             ... on level 4 of the Dungeon.
             The game lasted 00:06:12 (2165 turns).

drasked the Cudgeler (Hill Orc Fighter)             Turns: 2165, Time: 00:06:12

Health: -3/45      AC: 11    Str: 20    XL:     5   Next: 62%
Magic:  5/5        EV:  5    Int:  8    God:
Gold:   35         SH:  9    Dex: 10    Spells: 0 memorised, 4 levels left

rFire  . . .     SeeInvis .     a - +0 flail
rCold  . . .     Clarity  .     v - +1 chain mail {MR+}
rNeg   . . .     SustAb   .     c - +0 shield
rPois  .         Gourm    .     (no helmet)
rElec  .         Spirit   .     b - +0 cloak
rCorr  .         Warding  .     (no gloves)
rMut   .         Stasis   .     (no boots)
MR     +....                    (no amulet)
Stlth  ..........               (no ring)
                                (no ring)

@: very slightly contaminated, invisible, somewhat resistant to hostile
enchantments, extremely unstealthy
A: no striking features
a: no special abilities


You were on level 4 of the Dungeon.
You were hungry.

You visited 1 branch of the dungeon, and saw 4 of its levels.

You collected 35 gold pieces.

Inventory:

Hand weapons
 a - a +0 flail (weapon)
 q - a +3 quarterstaff of chaos
   (You took it off Crazy Yiuf on level 2 of the Dungeon)
Armour
 b - a +0 cloak (worn)
   (You took it off Crazy Yiuf on level 2 of the Dungeon)
 c - a +0 shield (worn)
 v - a +1 chain mail of magic resistance (worn)
   (You took it off Terence on level 3 of the Dungeon)
Magical devices
 u - a wand of invisibility (2)
   (You took it off Terence on level 3 of the Dungeon)
Potions
 e - a potion of might
 j - a potion of magic {unknown}
 k - 2 potions of curing {unknown}
 m - a potion of agility
 n - a potion of poison {unknown}
 o - a potion of restore abilities {unknown}
 s - a potion of heal wounds {unknown}
Miscellaneous
 l - a plain deck of wonders
   (You found it on level 2 of the Dungeon)
Comestibles
 d - 3 meat rations {@e2}
 g - 3 beef jerkies
 i - 2 fruits
 r - a bread ration {@e1}


   Skills:
 - Level 3.6 Fighting
 + Level 6.2 Maces & Flails
 - Level 3.2 Armour
 - Level 3.2 Shields


You had 4 spell levels left.
You didn't know any spells.

Dungeon Overview and Level Annotations

Branches:
Dungeon (4/15)
 Temple: D:4-7

Altars:
Nemelex Xobeh

Annotations:
D:4 Prince Ribbit


Message History

The jackal bites you but does no damage.
You hit the jackal.
The jackal bites you but does no damage.
You block the jackal's attack.
You closely miss the jackal.
The jackal bites you but does no damage.
Your shield and chain mail prevent you from hitting the jackal.
You block the jackal's attack.
The jackal bites you but does no damage.
You sock the jackal!
You kill the jackal!
No target in view!
No target in view!
No target in view!
Things that are here:
a jackal corpse x3
Done exploring.
Health restored: 45 Done exploring.
Done exploring.
Done exploring.
Done exploring.
No target in view!
No target in view!
No target in view!
No target in view!
No target in view!
No target in view!
Done exploring.
Done exploring.
Done exploring.
Read which item? (? for menu, Esc to quit)
As you read the scroll labeled APEOGO PREO, it crumbles to dust.
It is a scroll of enchant armour.
Enchant which item? (? for menu, Esc to quit)
Your +0 chain mail of magic resistance glows green for a moment.
Read which item? (? for menu, Esc to quit)
As you read the scroll labeled GREABO KLECLAV, it crumbles to dust.
You feel strangely unstable.
It was a scroll of teleportation.
Read which item? (? for menu, Esc to quit)
As you read the scroll labeled USSARUT SIFUY, it crumbles to dust.
It is a scroll of identify.
Identify which item? (\ to view known items) (? for menu, Esc to quit)
m - a potion of agility Done exploring.
Done exploring.
Done exploring.
Your surroundings suddenly seem different.
There is a stone staircase leading down here.
You climb downwards.
There is a stone staircase leading up here.
There is a stone staircase leading up here.
k - 2 fuming white potions (gained 1)
A quokka skeleton comes into view.
A quokka skeleton is nearby!
The quokka skeleton bites you but does no damage.
You hit the quokka skeleton. The quokka skeleton barely misses you.
You hit the quokka skeleton.
The quokka skeleton bites you but does no damage.
You thump the quokka skeleton!
You destroy the quokka skeleton!
No target in view!
No target in view!
No target in view!
Prince Ribbit comes into view.
Prince Ribbit croaks.
You hit Prince Ribbit. Prince Ribbit barely misses you.
Prince Ribbit momentarily phases out as your attack passes through him.
Prince Ribbit hits you. Prince Ribbit completely misses you.
You take 1 damage, and have 44/45 hp.
You closely miss Prince Ribbit.
Prince Ribbit hits you but does no damage.
Prince Ribbit blinks!
Prince Ribbit barely misses you.
You hit Prince Ribbit. Prince Ribbit barely misses you.
Prince Ribbit hits you but does no damage.
Prince Ribbit momentarily phases out as your attack passes through him.
You block Prince Ribbit's attack.
You hit Prince Ribbit. Prince Ribbit hits you. Prince Ribbit barely misses you.
You take 3 damage, and have 41/45 hp.
You closely miss Prince Ribbit. You block Prince Ribbit's attack.
Prince Ribbit barely misses you.
You hit Prince Ribbit. Prince Ribbit hits you!
You take 7 damage, and have 34/45 hp.
You closely miss Prince Ribbit.
You are feeling hungry.
You block Prince Ribbit's attack. Prince Ribbit hits you!
You take 15 damage, and have 19/45 hp.
MASSIVE DAMAGE!!
You hit Prince Ribbit but do no damage. Prince Ribbit hits you!
* * * LOW HITPOINT WARNING * * *
You take 10 damage, and have 9/45 hp.
MASSIVE DAMAGE!!
You aren't carrying any spellbooks or scrolls.
You fade into invisibility!
You are very lightly contaminated with residual magic.
Evoking this partially-identified wand wasted a few charges.
Prince Ribbit hits you!
You die...

##### #
##...### .#
#......##.#
#...(.....##
#..........###
#............
#..@F........
#............
###
##...........
..## ###
##...........
...# ##..##
###.........
...####...#..#
##......)..
#.......#
#)###..#.......
#......##
#....###.....
#..###..##
#...## #....


You could see Prince Ribbit.

Vanquished Creatures
  Crazy Yiuf (D:2)
  Terence (D:3)
  3 gnolls (D:3)
  5 adders
  An orc (D:3)
  2 ball pythons (D:2)
  8 bats
  2 giant cockroaches (D:3)
  5 hobgoblins
  8 jackals
  5 kobolds
  2 oozes (D:3)
  A quokka (D:2)
  5 giant geckos
  3 giant newts (D:3)
  5 goblins
  A quokka skeleton (D:4)
  9 rats
67 creatures vanquished.

Notes
Turn   | Place    | Note
--------------------------------------------------------------
     0 | D:1      | drasked, the Hill Orc Fighter, began the quest for the Orb.
     0 | D:1      | Reached XP level 1. HP: 19/19 MP: 1/1
   135 | D:1      | Reached XP level 2. HP: 26/26 MP: 2/2
   145 | D:1      | Reached skill level 3 in Maces & Flails
   523 | D:2      | Found a sparkling altar of Nemelex Xobeh.
   680 | D:2      | Noticed Crazy Yiuf
   697 | D:2      | Killed Crazy Yiuf
   697 | D:2      | Reached skill level 4 in Maces & Flails
   697 | D:2      | Reached XP level 3. HP: 8/31 MP: 3/3
   703 | D:2      | HP: 7/31 [poisoned by Crazy Yiuf]
   711 | D:2      | HP: 6/31 [poisoned by Crazy Yiuf]
  1073 | D:2      | Reached XP level 4. HP: 39/39 MP: 4/4
  1278 | D:3      | Noticed Terence
  1503 | D:3      | Reached skill level 5 in Maces & Flails
  1684 | D:3      | Reached XP level 5. HP: 45/45 MP: 5/5
  1850 | D:3      | Reached skill level 6 in Maces & Flails
  1942 | D:3      | Killed Terence
  2147 | D:4      | Noticed Prince Ribbit
  2164 | D:4      | HP: 9/45 [Prince Ribbit (10)]
  2165 | D:4      | Slain by Prince Ribbit

Action                   |  1- 3 |  4- 6 || total
-------------------------+-------+-------++-------
Melee: Flail             |    78 |   168 ||   246
Evoke: Wand              |       |     1 ||     1
  Use: Scroll            |       |     3 ||     3
  Eat: Chunk             |     1 |     3 ||     4

Vault maps used:
D:1:      lightli_arrival_lavapool
D:2:      nemelex_deck, uniq_crazy_yiuf_cottage
D:3:      uniq_terence
D:4:      uniq_prince_ribbit1, uniq_edmund, uniq_eustachio

Table legend:
 A = Turns spent in this place as a percentage of turns spent in the entire game.
 B = Non-inter-level travel turns spent in this place as a percentage of non-inter-level travel turns spent in the entire game.
 C = Inter-level travel turns spent in this place as a percentage of turns spent in this place.
 D = Turns resting spent in this place as a percentage of non-inter-level travel turns spent in this place.
 E = Turns spent auto-exploring this place as a percentage of non-inter-level travel turns spent in this place.
 F = Non-inter-level travel turns spent in this place divided by the number of levels of this place that you've seen.
                   A       B       C       D       E      F
               +-------+-------+-------+-------+-------+----------------------
         Total | 100.0 | 100.0 |   0.7 |   0.5 |   9.3 | 283.5
       Dungeon | 100.0 | 100.0 |   0.7 |   0.5 |   9.3 | 283.5
               +-------+-------+-------+-------+-------+----------------------

Table legend:
 A = Kills in this place as a percentage of kills in entire the game.
 B = Kills by you in this place as a percentage of kills by you in the entire game.
 C = Kills by friends in this place as a percentage of kills by friends in the entire game.
 D = Other kills in this place as a percentage of other kills in the entire game.
 E = Experience gained in this place as a percentage of experience gained in the entire game.
 F = Experience gained in this place divided by the number of levels of this place that you have seen.
                   A       B       C       D       E      F
               +-------+-------+-------+-------+-------+----------------------
         Total | 100.0 | 100.0 |  -nan |  -nan | 100.0 |  65.5
       Dungeon | 100.0 | 100.0 |  -nan |  -nan | 100.0 |  65.5
               +-------+-------+-------+-------+-------+----------------------
